 Dungeon Crawl Stone Soup version 0.24.0-35-gdb84b6a5db (webtiles) character file.

Game seed: 17975573942603344271, levelgen mode: deterministic

7553 Mrkan the Cleaver (level 10, -1/91 HPs)
             Began as a Minotaur Fighter on Nov 17, 2019.
             Was an Initiate of Gozag.
             Slain by an orange demon (11 damage)
             ... summoned by an obsidian statue
             ... on level 9 of the Dungeon.
             The game lasted 00:15:21 (7594 turns).

Mrkan the Cleaver (Minotaur Fighter)                Turns: 7594, Time: 00:15:21

Health: -1/91      AC:  6    Str: 25      XL:     10   Next: 96%
Magic:  13/13      EV:  6    Int:  5      God:    Gozag
Gold:   1868       SH: 12    Dex: 13 (14) Spells: 9/9 levels left

rFire    + . .     SeeInvis .   a - +1 war axe
rCold    . . .     Gourm    .   c - +0 shield
rNeg     + . .     Faith    .   J - +0 plate armour
rPois    .         Spirit   .   D - +1 hat
rElec    .         Reflect  .   G - +2 cloak
rCorr    .         Harm     .   B - +2 pair of gloves
MR       +....                  (no boots)
Stlth    ..........             y - amulet of rage
HPRegen  0.25/turn              z - ring "Asamec" {rF+ rN+ MR+ Str+3 Dex+2}
MPRegen  0.13/turn              w - +3 ring of slaying

@: corroded, mesmerised
A: retaliatory headbutt, horns 2
a: Potion Petition, Call Merchant, Bribe Branch, Renounce Religion, Evoke
Berserk Rage


You were on level 9 of the Dungeon.
You worshipped Gozag.
Gozag was most pleased with you.
You were not hungry.

You visited 1 branch of the dungeon, and saw 9 of its levels.

You collected 1930 gold pieces.
You paid 62 gold pieces to Gozag.

Inventory:

Hand Weapons
 a - a +1 war axe (weapon)
Armour
 c - a +0 shield (worn)
 B - a +2 pair of gloves (worn)
 D - a +1 hat (worn)
 G - a +2 cloak (worn)
 J - a +0 plate armour (worn)
 N - a +1 cloak
Jewellery
 k - an uncursed ring of protection from fire
 o - an uncursed ring of protection from cold
 w - a +3 ring of slaying (right hand)
 y - an amulet of rage (around neck)
 z - the ring "Asamec" (left hand) {rF+ rN+ MR+ Str+3 Dex+2}
   (You found it on level 4 of the Dungeon)

   [ring of positive energy]

   It affects your strength (+3).
   It affects your dexterity (+2).
   It protects you from fire.
   It protects you from negative energy.
   It affects your resistance to hostile enchantments.
 E - a cursed ring of teleportation {unknown}
 F - a +3 ring of strength {unknown}
 K - the ring "Oliruh" {rElec rF- AC+2 Int+2, unknown}
   (You found it on level 8 of the Dungeon)

   [ring of protection]

   It affects your AC (+2).
   It affects your intelligence (+2).
   It makes you vulnerable to fire.
   It insulates you from electricity.
Wands
 A - a wand of polymorph (2)
 C - a wand of flame (35)
 H - a wand of paralysis (17)
Scrolls
 h - 2 scrolls of identify
 i - 2 scrolls of enchant weapon
 l - 2 scrolls of amnesia {unknown}
 m - a scroll of noise {unknown}
 p - 4 scrolls of remove curse {unknown}
 q - 5 scrolls of teleportation
 t - 2 scrolls of enchant armour {unknown}
 I - a scroll of vulnerability {unknown}
 L - 2 scrolls of fear {unknown}
 M - a scroll of torment {unknown}
Potions
 b - a potion of invisibility {unknown}
 d - 2 potions of might
 e - 2 potions of lignification {unknown}
 g - a potion of magic {unknown}
 j - 3 potions of brilliance {unknown}
 n - 5 potions of cancellation {unknown}
 r - 3 potions of agility {unknown}
 s - 2 potions of degeneration {unknown}
 u - 2 potions of heal wounds {unknown}
 v - 5 potions of curing
 x - 2 potions of resistance {unknown}
 O - a potion of ambrosia {unknown}
Comestibles
 f - 15 rations


   Skills:
 - Level 9.2 Fighting
 - Level 11.9 Axes
 - Level 9.2 Armour
 - Level 9.2 Shields
 * Level 5.4 Evocations


You had 9 spell levels left.
You didn't know any spells.
Your spell library contained the following spells:

 Spells                   Type           Power        Failure   Level  Hunger
 Confusing Touch          Hex            #.....       100%        1    ##.....
 Magic Dart               Conj           #...         100%        1    ##.....
 Sting                    Conj/Pois      #...         100%        1    ##.....
 Poisonous Vapours        Pois/Air       #.....       100%        2    ###....
 Searing Ray              Conj           #.....       100%        2    ###....
 Confuse                  Hex            #.......     100%        3    ####...
 Dazzling Spray           Conj/Hex       #.....       100%        3    ####...
 Gell's Gravitas          Tloc           #.........   100%        3    ####...
 Mephitic Cloud           Conj/Pois/Air  #.......     100%        3    ####...
 Static Discharge         Conj/Air       #.......     100%        3    ####...
 Force Lance              Conj/Tloc      #.......     100%        4    #####..
 Fulminant Prism          Conj/Hex       #.........   100%        4    #####..
 Iskenderun's Mystic Bla  Conj           #.......     100%        4    #####..
 Olgreb's Toxic Radiance  Pois           #.......     100%        4    #####..
 Petrify                  Tmut/Erth      #.......     100%        4    #####..
 Summon Ice Beast         Ice/Summ       #.......     100%        4    #####..
 Summon Lightning Spire   Summ/Air       #.......     100%        4    #####..
 Aura of Abjuration       Summ           #.........   100%        5    ######.
 Metabolic Englaciation   Hex/Ice        #.........   100%        5    ######.
 Venom Bolt               Conj/Pois      #.........   100%        5    ######.
 Yara's Violent Unravell  Hex/Tmut       #.........   100%        5    ######.


Dungeon Overview and Level Annotations

Branches:
Dungeon (9/15)             Temple (0/1) D:7            Lair (0/6) D:9
    Orc: D:9-12

Altars:
Cheibriados
Gozag
Qazlal
Ru
Trog
Uskayaw
Vehumet
Yredelemnul
Zin
The Shining One

Shops:
D:3 *   D:4 ?*

Annotations:
D:5 exclusion: statue
D:8 2 runed translucent doors, Alannah's ghost, novice TrHu
D:9 exclusion: obsidian statue


Innate Abilities, Weirdness & Mutations

You reflexively headbutt those who attack you in melee.
You have a pair of horns on your head.


Message History

You hit the rust devil.
You feel sick. You block the orange demon's attack. The rust devil hits you.
The rust devil corrodes you!
The red devil hits you from afar with a +1 demon trident of electrocution!
You hit the obsidian statue but do no damage.
You headbutt the obsidian statue!
The obsidian statue is moderately damaged.
You hit the rust devil but do no damage.
You feel sick. The orange demon stings you from afar!
* * * LOW HITPOINT WARNING * * *
The rust devil hits you.
* * * LOW HITPOINT WARNING * * *
The rust devil corrodes you!
The red devil hits you from afar with a +1 demon trident of electrocution.
* * * LOW HITPOINT WARNING * * *
You are electrocuted!
* * * LOW HITPOINT WARNING * * *
It was a potion of curing.
You feel better. The orange demon stings you from afar!
You die...
Your body crumbles into a pile of gold.

######..#######..######..#
.........................#
.........................#
....####.......?.........#
....# #.......$.........#
....# #....)............#
..((# #.................#
....####......44.........#
..............48@........#
(........................#
))...####............##..#
.....# #............##..#
.....# #.............#..#
.....# #.$$$............#
.....####...$.....#.###..#
...........$$.......# #..#
...........#####..# #..#


You could see an obsidian statue, an orange demon, a rust devil and a red devil.

Vanquished Creatures
  A two-headed ogre (D:8)
  Pikel (D:7)
  Joseph (D:8)
  Psyche (D:8)
  A hippogriff (D:9)
  Sigmund (D:2)
  8 yaks (D:9)
  2 wyverns (D:8)
  2 wargs (D:9)
  A water moccasin (D:6)
  3 orc warriors
  3 sky beasts
  A necrophage (D:8)
  A black bear (D:9)
  An ogre (D:6)
  2 centaurs
  2 big kobolds (D:9)
  2 bullfrogs
  2 scorpions
  14 killer bees
  5 wights (D:6)
  5 howler monkeys
  2 crimson imps (D:6)
  4 hounds
  A bullfrog zombie (D:5)
  2 jellies
  9 orc priests
  Crazy Yiuf (D:7)
  2 iguanas (D:6)
  Natasha (twice) (D:2)
  7 orc wizards
  8 worker ants
  A hound zombie (D:9)
  7 gnolls
  14 adders
  2 shadow imps (D:8)
  An ooze (D:3)
  2 adder skeletons
  3 worms
  2 dart slugs (D:1)
  2 leopard geckos
  37 orcs
  2 ball pythons (D:4)
  6 bats
  3 giant cockroaches
  2 hobgoblins
  23 jackals
  6 quokkas
  3 frilled lizards
  7 goblins
  A jackal skeleton (D:8)
  7 kobolds
  A leopard gecko zombie (D:5)
  A quokka skeleton (D:3)
  6 rats
237 creatures vanquished.

Vanquished Creatures (others)
  3 slaves (D:7)
  An ogre (D:7)
  A killer bee (D:7)
  An orc priest (D:7)
  A jelly (D:7)
  An orc (D:7)
8 creatures vanquished.

Grand Total: 245 creatures vanquished

Notes
Turn   | Place    | Note
-------+----------+-------------------------------------------
     0 | D:1      | Mrkan the Minotaur Fighter began the quest for the Orb.
     0 | D:1      | Reached XP level 1. HP: 19/19 MP: 0/0
   208 | D:1      | Reached XP level 2. HP: 26/27 MP: 1/1
   212 | D:1      | Reached skill level 3 in Axes
   765 | D:2      | Reached XP level 3. HP: 33/33 MP: 2/2
   868 | D:2      | Noticed Sigmund
   880 | D:2      | Killed Sigmund
   880 | D:2      | Reached skill level 4 in Axes
   880 | D:2      | Reached XP level 4. HP: 20/41 MP: 3/3
   880 | D:2      | Reached XP level 5. HP: 23/47 MP: 4/4
  1122 | D:2      | Noticed Natasha
  1133 | D:2      | Killed Natasha
  1133 | D:2      | Reached skill level 5 in Axes
  1139 | D:2      | Noticed Natasha
  1146 | D:2      | Killed Natasha
  1146 | D:2      | Reached XP level 6. HP: 44/55 MP: 5/5
  1306 | D:3      | Found an opulent altar of Gozag.
  1310 | D:3      | Found Gozag's Platinum Reserve.
  1380 | D:3      | Became a worshipper of Gozag Ym Sagoz the Greedy
  1524 | D:3      | Reached skill level 5 in Fighting
  1524 | D:3      | Reached skill level 5 in Shields
  1534 | D:3      | Reached skill level 5 in Armour
  2150 | D:4      | Found Yfuiruo's Magic Scroll Emporium.
  2184 | D:4      | Found a sacrificial altar of Ru.
  2423 | D:4      | Found Cayl Ess's Assorted Antiques.
  2513 | D:4      | Got an ancient wooden ring
  2630 | D:5      | Entered Level 5 of the Dungeon
  2631 | D:5      | Identified the ring "Asamec" {rF+ rN+ MR+ Str+3 Dex+2} (You
                  | found it on level 4 of the Dungeon)
  2674 | D:5      | Reached skill level 6 in Axes
  2684 | D:5      | Found a bloodstained altar of Trog.
  2693 | D:5      | Reached XP level 7. HP: 56/61 MP: 6/6
  2754 | D:5      | Found a glowing silver altar of Zin.
  2775 | D:5      | Found a glowing golden altar of the Shining One.
  3083 | D:5      | Reached skill level 7 in Axes
  3248 | D:5      | Got a blackened chain mail
  3259 | D:5      | Identified the +6 chain mail of Fanaticism {*Corrode +Fly
                  | rPois Stlth+} (You found it on level 5 of the Dungeon)
  3508 | D:5      | Found a radiant altar of Vehumet.
  3659 | D:6      | Reached XP level 8. HP: 62/70 MP: 7/7
  3666 | D:6      | Found a basalt altar of Yredelemnul.
  3833 | D:6      | Reached skill level 8 in Axes
  4322 | D:6      | Reached skill level 9 in Axes
  4435 | D:6      | Reached XP level 9. HP: 66/79 MP: 8/8
  4458 | D:6      | Found a hide-covered altar of Uskayaw.
  4897 | D:7      | Noticed Pikel
  4907 | D:7      | Killed Pikel
  4979 | D:7      | Reached skill level 10 in Axes
  5687 | D:7      | Found a staircase to the Ecumenical Temple.
  5841 | D:7      | Found a runed translucent door.
  5842 | D:7      | Noticed Crazy Yiuf
  5847 | D:7      | Killed Crazy Yiuf
  6082 | D:8      | Noticed Psyche
  6085 | D:8      | Killed Psyche
  6274 | D:8      | Identified the Volume of Supportive Conjuration
  6328 | D:8      | Noticed a two-headed ogre
  6337 | D:8      | Killed a two-headed ogre
  6337 | D:8      | Reached skill level 11 in Axes
  6337 | D:8      | Reached XP level 10. HP: 83/90 MP: 9/9
  6366 | D:8      | Got a transparent platinum ring
  6484 | D:8      | Found a large runed translucent door.
  6486 | D:8      | Noticed Joseph
  6505 | D:8      | Killed Joseph
  6511 | D:8      | Found a large runed translucent door.
  6600 | D:8      | Noticed Alannah's ghost (novice TrHu)
  6729 | D:9      | Found a staircase to the Lair.
  6845 | D:9      | Reached skill level 1 in Evocations
  7003 | D:9      | Found a stormy altar of Qazlal.
  7152 | D:9      | Noticed an obsidian statue
  7164 | D:9      | Reached skill level 5 in Evocations
  7170 | D:9      | Noticed a rust devil
  7172 | D:9      | Noticed a rust devil
  7358 | D:9      | Found a snail-covered altar of Cheibriados.
  7579 | D:9      | Noticed an orange demon
  7579 | D:9      | Noticed a rust devil
  7593 | D:9      | HP: 3/91 [red devil/+1 demon trident of electrocution[an
                  | obsidian statue] (14)]
  7594 | D:9      | Slain by an orange demon

Levels and vault maps discovered:
D:1:      dpeg_arrival_arbitrary_b, layout_loops_ring, st_stairs_9,
          serial_park_tiny_1, hangedman_decor_lopped
D:2:      layout_basic, first_ration, uniq_natasha, uniq_sigmund
D:3:      layout_basic, nicolae_gozag_zags_fifth_avenue
D:4:      layout_basic, marbit_many_paths, serial_shops, shop, shop
D:5:      layout_basic, old_standard_altar, vehumet_statue,
          nicolae_overflow_hidden_temple, basic_altar
D:6:      layout_basic, lemuel_round_altar, overflow_temple_1_default,
          serial_co_window_serial, co_window_corner_a,
          co_window_of_opportunity_a, co_window_paths_a, co_window_paths_b,
          co_window_cross_1, co_window_corner_b, co_window_broadway_b,
          co_window_of_opportunity_b, co_window_4corner_b, glass_columns_a,
          nicolae_ossuary_entry_ruins
D:7:      layout_rooms, minmay_temple_entry_ruins,
          chequers_serial_rivers_micro_c, uniq_pikel, uniq_crazy_yiuf_cottage
D:8:      layout_basic, ebering_ghost_disaster_area, minmay_radiant,
          uniq_joseph, uniq_psyche
D:9:      layout_small_grid, nicolae_qazlal_general_emergency,
          lemuel_round_altar, erik_lair_orcish_takeover, blue_anna_alchemist
          [blue_anna_fruit_fields, blue_anna_fruit_fields], minivault_25_ag,
          minivault_16

Skill      XL: |  1  2  3  4  5  6  7  8  9 10 |
---------------+-------------------------------+-----
Axes           | 3 4 5 6 7 9 11 | 11.9
Armour         | 4 5 6 7 8 9 |  9.2
Shields        | 4 5 6 7 8 9 |  9.2
Fighting       | 4 5 6 7 8 9 |  9.2
Evocations     | 5 |  5.4

Action                   |  1- 3 |  4- 6 |  7- 9 | 10-12 || total
-------------------------+-------+-------+-------+-------++-------
Melee: War axe           |    74 |   120 |   243 |   136 ||   573
       Headbutt          |     8 |    20 |    54 |    43 ||   125
Evoke: Wand              |       |       |       |     1 ||     1
  Use: Scroll            |       |     1 |       |     2 ||     3
       Potion            |       |       |       |     1 ||     1
 Stab: Distracted        |       |       |     2 |       ||     2
  Eat: Chunk             |       |     2 |       |       ||     2
       Ration            |       |     1 |     3 |     2 ||     6
Armor: Scale mail        |    34 |    65 |    22 |       ||   121
       Chain mail        |       |       |   102 |       ||   102
       Plate armour      |       |       |     5 |   133 ||   138
Dodge: Dodged            |    13 |    54 |    68 |    35 ||   170
Block: Shield            |    36 |    69 |   148 |   101 ||   354
